 Dungeon Crawl Stone Soup version 0.21.1-1-g345015fe64 (webtiles) character file.

646 RepoMan the Insei (level 7, 57/57 HPs)
             Began as a Red Draconian Transmuter on July 7, 2018.
             Was an Initiate of Wu Jian.
             Got out of the dungeon alive.
             The game lasted 00:17:25 (4583 turns).

RepoMan the Insei (Red Draconian Transmuter)        Turns: 4583, Time: 00:17:25

Health: 57/57      AC:  7    Str: 13    XL:     7   Next: 27%
Magic:  12/12      EV: 13    Int: 13    God:    Wu Jian [......]
Gold:   316        SH:  0    Dex: 13    Spells: 6/12 levels left

rFire    + . .     SeeInvis .     - Unarmed
rCold    . . .     Gourm    .   (no shield)
rNeg     . . .     Faith    .   (armour unavailable)
rPois    .         Spirit   .   (helmet restricted)
rElec    .         Reflect  .   (no cloak)
rCorr    .         Harm     .   m - +0 pair of gloves
MR       .....                  (no boots)
Stlth    +.........             (no amulet)
HPRegen  0.19/turn              (no ring)
MPRegen  0.13/turn              (no ring)

@: no status effects
A: breathe fire, unfitting armour, fire resistance 1, cold-blooded, AC +6
a: Breathe Fire, Renounce Religion


You escaped.
You worshipped Wu Jian.
Wu Jian was noncommittal.
You were not hungry.

You visited 2 branches of the dungeon, and saw 6 of its levels.

You collected 316 gold pieces.

Inventory:

Missiles
 a - 41 arrows
Armour
 j - a +2 buckler
 m - a +0 pair of gloves (worn)
 o - a scarf of spirit shield
Jewellery
 r - a +4 ring of dexterity {unknown}
 y - a cursed -3 ring of dexterity {unknown}
Wands
 h - a wand of disintegration (5)
 B - a wand of iceblast (11)
Scrolls
 d - 3 scrolls of teleportation {unknown}
 e - 2 scrolls of immolation {unknown}
 g - a scroll of fear {unknown}
 k - 2 scrolls of fog {unknown}
 l - 2 scrolls of blinking {unknown}
 p - 6 scrolls of identify {unknown}
 t - a scroll of enchant weapon {unknown}
 x - 4 scrolls of remove curse {unknown}
Potions
 f - a potion of agility {unknown}
 i - a potion of ambrosia {unknown}
 n - a potion of lignification {unknown}
 q - 2 potions of degeneration {unknown}
 u - a potion of invisibility {unknown}
 v - 2 potions of heal wounds {unknown}
 w - 2 potions of curing {unknown}
 z - a potion of brilliance {unknown}
 A - a potion of resistance {unknown}
Books
 b - a book of Changes

   Spells                             Type                      Level
   a - Beastly Appendage              Transmutation                1
   b - Sticks to Snakes               Transmutation                2
   c - Spider Form                    Transmutation/Poison         3
   d - Ice Form                       Ice/Transmutation            4
   e - Blade Hands                    Transmutation                5
 s - a book of Maledictions

   Spells                             Type                      Level
   a - Corona                         Hexes                        1
   b - Ensorcelled Hibernation        Hexes/Ice                    2
   c - Confuse                        Hexes                        3
   d - Tukima's Dance                 Hexes                        3
   e - Dazzling Spray                 Conjuration/Hexes            3
Comestibles
 c - 12 rations


   Skills:
 + Level 3.3 Fighting
 + Level 2.5 Dodging
 * Level 5.3 Unarmed Combat
 + Level 3.4 Spellcasting
 * Level 4.7 Transmutations


You had 6 spell levels left.
You knew the following spells:

 Your Spells              Type           Power        Failure   Level  Hunger
a - Beastly Appendage     Tmut           ##....       3%          1    #......
c - Spider Form           Tmut/Pois      #.........   24%         3    ###....
v - Sticks to Snakes      Tmut           ##......     4%          2    ##.....


Dungeon Overview and Level Annotations

Branches:
Dungeon (5/15)             Temple (1/1) D:4

Altars:
Ashenzari
Cheibriados
Dithmenos
Elyvilon
Fedhas
Gozag
Hepliaklqana
Kikubaaqudgha
Makhleb
Nemelex Xobeh
Okawaru
Qazlal
Ru
Sif Muna
Trog
Uskayaw
Vehumet
Wu Jian
Xom
Yredelemnul
Zin
The Shining One


Innate Abilities, Weirdness & Mutations

You can breathe blasts of fire.
Your fiery red scales are hard. (AC +6)
You cannot fit into any form of body armour.
Your flesh is heat resistant. (rF+)
You are cold-blooded and may be slowed by cold attacks.


Message History

You climb upwards.
There is a stone staircase leading down here.
There is a stone staircase leading up here.
You climb upwards.
There is a stone staircase leading down here.
There is a stone staircase leading up here.
You climb upwards.
There is a stone staircase leading down here.
There is a dry fountain here.
There is a dry fountain here.
There is a stone staircase leading up here.
You climb upwards.
There is a stone staircase leading down here.
You are near starving!
You eat one of the 13 rations.
That ration really hit the spot!
(D) Dungeon (T) Temple
Where to? (Enter - D:1 @ (x,y), ? - help)
There is a staircase leading out of the dungeon here.
Are you sure you want to leave the Dungeon?
This will make you lose the game!
You have escaped!

#...........###.≈≈≈≈#
#...............≈≈≈≈#
#................≈≈≈#
###..............≈≈≈#
#.............≈≈≈≈#
##............≈≈≈≈#
#............≈≈≈≈#
#..........≈≈≈≈≈≈#
##.......@≈≈≈≈≈≈≈#
#.......≈≈≈≈≈≈≈≈#
##.......≈.≈≈≈≈≈≈
#.....≈≈≈.≈≈≈≈≈≈≈
#..≈.≈≈..≈≈≈≈≈≈≈≈
#≈≈≈.≈≈≈≈≈≈≈≈≈≈≈≈
#≈≈≈≈≈≈≈≈≈≈≈≈≈≈≈≈
#≈≈≈≈≈≈≈≈≈≈≈≈≈≈≈≈
###########


There were no monsters in sight!

Vanquished Creatures
  Sigmund (D:5)
  An ice beast (D:5)
  A scorpion (D:5)
  A howler monkey (D:4)
  A hound (D:5)
  An orc priest (D:3)
  An orc wizard (D:4)
  A bullfrog skeleton (D:5)
  An iguana (D:2)
  A worker ant zombie (D:5)
  An adder (D:4)
  2 oozes (D:2)
  3 adder skeletons
  3 worms
  A dart slug (D:1)
  4 leopard geckos
  10 orcs
  2 ball pythons
  4 giant cockroaches
  5 goblins
  10 hobgoblins
  2 jackals (D:3)
  2 quokkas
  3 bats (D:1)
  6 frilled lizards
  6 kobolds
  7 rats
81 creatures vanquished.

Vanquished Creatures (collateral kills)
  A scorpion (D:5)
1 creature vanquished.

Grand Total: 82 creatures vanquished

Notes
Turn   | Place    | Note
-------+----------+-------------------------------------------
     0 | D:1      | RepoMan the Draconian Transmuter began the quest for the Orb.
     0 | D:1      | Reached XP level 1. HP: 16/16 MP: 3/3
   441 | D:1      | Reached XP level 2. HP: 23/23 MP: 3/5
   460 | D:1      | Learned a level 2 spell: Sticks to Snakes
   930 | D:2      | Found a sacrificial altar of Ru.
   930 | D:2      | Found a stormy altar of Qazlal.
   930 | D:2      | Found a hide-covered altar of Uskayaw.
   930 | D:2      | Found a burning altar of Makhleb.
  1306 | D:2      | Reached XP level 3. HP: 28/28 MP: 4/6
  1859 | D:2      | Learned a level 3 spell: Spider Form
  1864 | D:2      | Reached XP level 4. HP: 36/36 MP: 3/7
  2323 | D:3      | Reached skill level 4 in Unarmed Combat
  2820 | D:4      | Reached XP level 5. HP: 21/41 MP: 4/8
  3360 | D:5      | Entered Level 5 of the Dungeon
  3619 | D:4      | Reached XP level 6. HP: 45/50 MP: 6/10
  3860 | D:4      | Found a staircase to the Ecumenical Temple.
  3868 | Temple   | Entered the Ecumenical Temple
  3971 | Temple   | Became a worshipper of the Wu Jian Council
  4242 | D:5      | Noticed an ice beast
  4245 | D:5      | Killed an ice beast
  4379 | D:5      | Noticed Sigmund
  4382 | D:5      | Killed Sigmund
  4382 | D:5      | Reached skill level 5 in Unarmed Combat
  4382 | D:5      | Your scales start taking on a fiery red colour.
  4382 | D:5      | Reached XP level 7. HP: 57/57 MP: 10/12
  4382 | D:5      | Gained mutation: Your flesh is heat resistant. (rF+) [Red Draconian growth]
  4583 | D:$      | Got out of the dungeon alive.

Skill      XL: |  1  2  3  4  5  6 |
---------------+-------------------+-----
Fighting       | 2 3 |  3.3
Transmutations | 3 4 |  4.7
Unarmed Combat | 4 5 |  5.3
Dodging        | 2 |  2.5
Spellcasting   | 3 |  3.4

Action                   |  1- 3 |  4- 6 |  7- 9 || total
-------------------------+-------+-------+-------++-------
Melee: Unarmed           |   111 |   148 |       ||   259
       Kick              |     6 |    11 |       ||    17
       Headbutt          |     8 |    12 |       ||    20
       Tailslap          |     9 |     7 |       ||    16
       Punch             |     1 |       |       ||     1
Throw: Throwing net      |       |     2 |       ||     2
 Cast: Beastly Appendage |    24 |    24 |       ||    48
       Spider Form       |     1 |     4 |       ||     5
       Sticks to Snakes  |       |     3 |       ||     3
Invok: Lunge             |       |     2 |       ||     2
 Abil: Breathe Fire      |       |       |     2 ||     2
Evoke: Wand              |       |     6 |     1 ||     7
 Stab: Held in net/web   |       |     1 |       ||     1
  Eat: Chunk             |     3 |     9 |       ||    12
       Ration            |       |       |     1 ||     1
Armor: Skin              |    25 |    19 |       ||    44
Dodge: Dodged            |    54 |    84 |     1 ||   139
